 Dungeon Sprint DCSS version 0.24-a0-439-g6dd8730de2 (webtiles) character file.

Game seed: 16704196441528694587

121 mahrnol the Shield-Bearer (level 4, -5/45 HPs)
             Began as a Minotaur Fighter on June 17, 2019.
             Was an Initiate of Makhleb.
             Slain by a troll (10 damage)
             ... in the Dungeon (Sprint IX: "|||||||||||||||||||||||||||||").
             The game lasted 00:01:47 (251 turns).

mahrnol the Shield-Bearer (Minotaur Fighter)         Turns: 251, Time: 00:01:48

Health: -5/45      AC:  8    Str: 29    XL:     4   Next: 77%
Magic:  3/3        EV: 11    Int:  5    God:    Makhleb [......]
Gold:   0          SH: 11    Dex: 10    Spells: 3/3 levels left

rFire    . . .     SeeInvis .   a - +0 flail
rCold    . . .     Gourm    .   c - +0 shield
rNeg     . . .     Faith    .   s - +2 ring mail
rPois    .         Spirit   .   (helmet restricted)
rElec    .         Reflect  .   (no cloak)
rCorr    .         Harm     .   (no gloves)
MR       .....     NoTele   +   (no boots)
Stlth    ..........             (no amulet)
HPRegen  0.15/turn              t - +3 ring of strength
MPRegen  0.08/turn              b - +2 ring of evasion

@: mighty
A: retaliatory headbutt, horns 2
a: Renounce Religion


You were in the Dungeon.
You worshipped Makhleb.
Makhleb was noncommittal.
You were not hungry.

You visited 1 branch

Inventory:

Hand Weapons
 a - a +0 flail (weapon)
 q - a +2 rapier of venom
 r - a +2 scimitar of flaming
Armour
 c - a +0 shield (worn)
 s - a +2 ring mail (worn)
Jewellery
 b - a +2 ring of evasion (right hand)
 t - a +3 ring of strength (left hand)
Wands
 p - a wand of iceblast (10)
Scrolls
 k - 2 scrolls of blinking
 n - 3 scrolls of remove curse
 o - 2 scrolls of amnesia
Potions
 e - 5 potions of curing
 g - 3 potions of heal wounds
 h - a potion of haste
 i - 4 potions of magic
 j - a potion of berserk rage
 m - a potion of invisibility
Comestibles
 f - a ration
 l - a chunk of flesh


   Skills:
 + Level 6.6 Fighting
 + Level 5.6 Maces & Flails
 + Level 6.6 Armour
 + Level 7.3 Shields


You had 3 spell levels left.
You didn't know any spells.
Your spell library was empty.

Dungeon Overview and Level Annotations

Branches:
Dungeon (1/1)

Altars:
Cheibriados
Dithmenos
Elyvilon
Fedhas
Gozag
Hepliaklqana
Kikubaaqudgha
Makhleb
Nemelex Xobeh
Okawaru
Qazlal
Ru
Sif Muna
Trog
Uskayaw
Vehumet
Wu Jian
Xom
Yredelemnul
Zin
The Shining One
Beogh
Jiyva
Lugonu


Innate Abilities, Weirdness & Mutations

You reflexively headbutt those who attack you in melee.
You have a pair of horns on your head.


Message History

Your Maces & Flails skill increases to level 5!
Your Armour skill increases to level 6!
Your Shields skill increases to level 7!
You have reached level 4!
You feel agile. You block the troll's attack. The troll closely misses you.
The troll barely misses you.
You sock the troll!
The troll is moderately wounded.
You block the troll's attack. The troll claws you! The troll barely misses you.
You sock the troll! Your headbutt misses the troll.
The troll is heavily wounded.
The troll bites you! The troll claws you.
* * * LOW HITPOINT WARNING * * *
The troll claws you!
* * * LOW HITPOINT WARNING * * *
You barely miss the troll. Your headbutt misses the troll.
The troll is heavily wounded.
The troll bites you!
You die... ▓▓▓▓▓▓▓▓▓▓▓▓▓▓▓▓▓▓▓▓▓▓▓▓ _______'..|)[[[.@TS.5l.. ▓▓▓▓▓▓▓▓▓▓▓▓▓▓▓▓▓▓▓▓▓▓▓▓

You could see a troll, an iguana, an adder and a shadow imp.

Vanquished Creatures
  A bullfrog (D)
  A hound (D)
  A worker ant (D)
  An orc (D)
  A goblin (D)
  2 jackals (D)
  2 bats (D)
  A giant cockroach zombie (D)
  A rat (D)
11 creatures vanquished.

Notes
Turn   | Place    | Note
-------+----------+-------------------------------------------
     0 | D        | mahrnol the Minotaur Fighter began the quest for the Orb.
     0 | D        | Reached XP level 1. HP: 19/19 MP: 0/0
     6 | D        | Reached skill level 4 in Shields
    29 | D        | Noticed a hound
    29 | D        | Noticed a worker ant
    47 | D        | Killed a hound
    47 | D        | Reached skill level 5 in Fighting
    47 | D        | Reached skill level 5 in Armour
    47 | D        | Reached skill level 5 in Shields
    47 | D        | Reached XP level 2. HP: 15/29 MP: 1/1
    47 | D        | Reached XP level 3. HP: 19/36 MP: 2/2
    59 | D        | Reached skill level 6 in Shields
   185 | D        | Found a roughly hewn altar of Beogh.
   185 | D        | Found a snail-covered altar of Cheibriados.
   185 | D        | Found a shadowy altar of Dithmenos.
   185 | D        | Found a white marble altar of Elyvilon.
   185 | D        | Found a blossoming altar of Fedhas.
   185 | D        | Found an opulent altar of Gozag.
   186 | D        | Found a hazy altar of Hepliaklqana.
   187 | D        | Found a viscous altar of Jiyva.
   188 | D        | Found an ancient bone altar of Kikubaaqudgha.
   189 | D        | Found a corrupted altar of Lugonu.
   190 | D        | Found a burning altar of Makhleb.
   191 | D        | Found a sparkling altar of Nemelex Xobeh.
   192 | D        | Found an iron altar of Okawaru.
   193 | D        | Found a stormy altar of Qazlal.
   194 | D        | Found a sacrificial altar of Ru.
   195 | D        | Found a deep blue altar of Sif Muna.
   196 | D        | Found a bloodstained altar of Trog.
   197 | D        | Found a hide-covered altar of Uskayaw.
   198 | D        | Became a worshipper of Makhleb the Destroyer
   199 | D        | Found a radiant altar of Vehumet.
   200 | D        | Found an ornate altar of the Wu Jian Council.
   201 | D        | Found a shimmering altar of Xom.
   202 | D        | Found a basalt altar of Yredelemnul.
   203 | D        | Found a glowing silver altar of Zin.
   204 | D        | Found a glowing golden altar of the Shining One.
   243 | D        | Noticed a bullfrog
   243 | D        | Noticed a troll
   248 | D        | Killed a bullfrog
   248 | D        | Reached skill level 5 in Maces & Flails
   248 | D        | Reached skill level 7 in Shields
   248 | D        | Reached XP level 4. HP: 29/45 MP: 3/3
   251 | D        | Slain by a troll

Levels and vault maps discovered:
D:        linesprint [early_d, line_temple, items_1, d_10, items_2, lair_1,
          lair_end, items_3, orc_1, orc_end, items_4, d_15, swamp_1, shoals_1,
          snake_1, spider_1, d_20, vaults_1, items_5, swamp_end, shoals_end,
          snake_end, spider_end, vaults_end, d_27, items_6, zot_1, zot_end,
          crypt_end, forest_end, elf_end, slime_end, tomb_end, abyss_end,
          pan_hell_end]

Skill      XL: |  1  2  3 |
---------------+----------+-----
Fighting       | 5 6 |  6.6
Armour         | 5 6 |  6.6
Shields        | 5 7 |  7.3
Maces & Flails | 3 5 |  5.6

Action                   |  1- 3 |  4- 6 || total
-------------------------+-------+-------++-------
Melee: Flail             |    49 |     3 ||    52
       Headbutt          |     7 |       ||     7
  Use: Potion            |     1 |       ||     1
Armor: Scale mail        |    21 |       ||    21
       Ring mail         |     1 |       ||     1
Dodge: Dodged            |    13 |     3 ||    16
Block: Shield            |    30 |     2 ||    32

Table legend:
 A = Non-vault XP
 B = Vault XP
 C = Vault XP percentage of total XP
 D = Non-vault monster count
 E = Vault monster count
 F = Vault count percentage of total count
                 A         B        C        D         E       F
            +---------+---------+-------+---------+---------+-------
      Total |       0 |     174 | 100.0 |       0 |      11 | 100.0
            +---------+---------+-------+---------+---------+-------
          D |       0 |     174 | 100.0 |       0 |      11 | 100.0
            +---------+---------+-------+---------+---------+-------
